 Dungeon Crawl Stone Soup version 0.30-a0-643-g638baaf3f0 (webtiles) character file.

Game seed: 1975919469117818713

245 tilp the Shield-Bearer (level 6, -1/52 HPs)
             Began as a Meteoran Fighter on Jan 16, 2023.
             Slain by Pikel
             ... wielding a +2 whip of flaming
              (5 damage)
             ... on level 4 of the Dungeon.
             The game lasted 00:07:12 (1791 turns).

tilp the Shield-Bearer (Meteoran Fighter)           Turns: 1791, Time: 00:07:13

Health: -1/52      AC:  7    Str: 18    XL:     6   Next: 59%
Magic:  7/7        EV: 10    Int: 10    God:
Gold:   179        SH:  5    Dex: 15    Spells: 5/5 levels left

rFire   . . .      SeeInvis .    a - +0 long sword
rCold   . . .      Faith    .    c - +0 buckler
rNeg    . . .      Spirit   .    b - +0 scale mail
rPois   .          Reflect  .    (no helmet)
rElec   .          Harm     .    (no cloak)
rCorr   .          Rampage  .    (no gloves)
Will    .....                    (no boots) Stlth
                                 (no amulet)
HPRegen 0.28/turn                (no ring)
MPRegen 0.10/turn                (no ring)

@: glowing
A: sense surroundings 1, otherworldly, glowing, explore regen
a: no special abilities


You were on level 4 of the Dungeon.
You visited 1 branch of the dungeon, and saw 5 of its levels.

You collected 179 gold pieces.

Inventory:

Hand Weapons
 a - a +0 long sword (weapon)
 v - a +2 dagger of holy wrath
 A - a +0 vampiric short sword
Missiles
 f - 39 stones
 j - a poisoned dart (quivered)
 r - 4 boomerangs
 s - 2 boomerangs of dispersal
 C - 5 javelins
Armour
 b - a +0 scale mail (worn)
 c - a +0 buckler (worn)
Wands
 q - a wand of digging (1)
 w - a wand of iceblast (9)
Scrolls
 d - a scroll of blinking {unknown}
 g - a scroll of teleportation {unknown}
 h - a scroll of vulnerability {unknown}
 i - 2 scrolls of amnesia {unknown}
 l - a scroll of fear {unknown}
 m - 2 scrolls of immolation {unknown}
 o - a scroll of noise {unknown}
 t - a scroll of enchant armour {unknown}
 x - 2 scrolls of identify {unknown}
 y - a scroll of poison {unknown}
Potions
 e - a potion of brilliance {unknown}
 k - 3 potions of mutation {unknown}
 n - a potion of ambrosia
 p - 2 potions of curing {unknown}
 u - 3 potions of might
 z - a potion of heal wounds {unknown}
 B - a potion of attraction {unknown}


   Skills:
 - Level 4.0 Fighting
 + Level 3.6 Long Blades
 - Level 2.0 Throwing
 - Level 4.0 Armour
 * Level 3.6 Dodging
 + Level 1.5 Stealth
 - Level 4.0 Shields
 + Level 1.2 Evocations


You had 5 spell levels left.
You didn't know any spells.
Your spell library was empty.

Dungeon Overview and Level Annotations

Branches:
Dungeon (5/15) Zot: 1134
 Temple: D:4-7

Altars:
Dithmenos
Vehumet

Annotations:
D:4 Pikel
D:5 Edmund


Innate Abilities, Weirdness & Mutations

You passively map a small area around you.
You are easily found by Zot.
You glow in the dark.
You regain HP and MP as you explore.


Message History

Pikel hits you with a +2 whip of flaming.
Pikel burns you.
You slash Pikel!
Pikel is heavily wounded.
Pikel hits you with a +2 whip of flaming!
Pikel burns you.
* * * LOW HITPOINT WARNING * * *
You hit Pikel but do no damage.
Pikel is severely wounded.
Pikel closely misses you.
You hit Pikel.
Pikel is severely wounded.
Pikel hits you with a +2 whip of flaming.
* * * LOW HITPOINT WARNING * * *
Pikel burns you.
* * * LOW HITPOINT WARNING * * *
You hit Pikel but do no damage.
Pikel is severely wounded.
Pikel barely misses you.
Pikel hits you with a +2 whip of flaming!
* * * LOW HITPOINT WARNING * * *
Pikel burns you.
* * * LOW HITPOINT WARNING * * *
Unknown command.
You hit Pikel but do no damage.
Pikel is severely wounded.
Pikel closely misses you.
You slash Pikel!
Pikel is almost dead.
Pikel hits you but does no damage.
You hit Pikel.
Pikel is almost dead.
Pikel misses you.
You closely miss Pikel.
Pikel is almost dead.
Pikel looks more healthy.
Pikel hits you with a +2 whip of flaming!
* * * LOW HITPOINT WARNING * * *
Pikel burns you.
You die...

* #.#.#......# *
* ,+
#.#.#....).####
*
#.#.#.).......#
* * *
,#.#.#K#######.#
* * * *
#.#.#..5.<..[.#
~, , ,
#.#.###########
, *,#.#... , ,,
** ,#.#.########
,* ,#...@K.(..(#
, ~ ##########.#
, ,, , * * * , *
, , * , , ,* **
* , * , , *


You could see Pikel.

Vanquished Creatures
  4 lemures
  A scorpion (D:2)
  A hound (D:4)
  2 orc priests (D:4)
  Jessica (D:2)
  An adder (D:4)
  A worm (D:3)
  12 orcs
  4 ball pythons
  An endoplasm (D:1)
  2 giant cockroaches
  3 goblins
  6 hobgoblins
  4 quokkas
  6 bats
  A frilled lizard (D:3)
  4 kobolds
  4 rats
58 creatures vanquished.

Notes
Turn   | Place    | Note
-------+----------+-------------------------------------------
     0 | D:1      | tilp the Meteoran Fighter began the quest for the Orb.
     0 | D:1      | Reached XP level 1. HP: 19/19 MP: 2/2
   266 | D:1      | Reached XP level 2. HP: 20/26 MP: 3/3
   276 | D:1      | Reached skill level 1 in Dodging
   476 | D:2      | Noticed a scorpion
   494 | D:2      | Killed a scorpion
   495 | D:2      | Reached XP level 3. HP: 25/33 MP: 4/4
   495 | D:2      | Reached XP level 4. HP: 30/40 MP: 5/5
   514 | D:2      | Noticed Jessica
   518 | D:2      | Killed Jessica
   519 | D:2      | Reached skill level 1 in Throwing
   519 | D:2      | Reached XP level 5. HP: 46/46 MP: 6/6
   572 | D:3      | Found a large runed translucent door.
   573 | D:3      | Found a large runed translucent door.
   594 | D:3      | Found a radiant altar of Vehumet.
   597 | D:3      | Reached skill level 1 in Stealth
   602 | D:3      | Found a shadowy altar of Dithmenos.
  1348 | D:4      | Noticed a lemure
  1348 | D:4      | Noticed a lemure
  1365 | D:3      | Killed a lemure
  1381 | D:3      | Killed a lemure
  1388 | D:4      | Noticed a lemure
  1391 | D:4      | Noticed a lemure
  1393 | D:4      | Noticed Pikel
  1403 | D:3      | Killed a lemure
  1571 | D:4      | Reached XP level 6. HP: 46/52 MP: 7/7
  1578 | D:4      | Reached skill level 1 in Evocations
  1718 | D:5      | Entered Level 5 of the Dungeon
  1718 | D:5      | Noticed Edmund
  1791 | D:4      | Slain by Pikel

Illustrated notes

Levels and vault maps discovered:
D:1:      doesnt_arrival_eight_statues, layout_loops_corners, serial_aquarium,
          aquarium_bridge_island_small [aquarium_subvault_small_water,
          aquarium_subvault_bridge, aquarium_subvault_bridge,
          aquarium_subvault_window, aquarium_subvault_wall],
          aquarium_window_fake, aquarium_window_1, aquarium_window_1,
          aquarium_view_2a, aquarium_pool_2, grunt_decor_clamped
D:2:      layout_basic, minmay_misc_feat_ornament, uniq_jessica
D:3:      wad_river_or_something, layout_basic, jmf_multi_god_temple2,
          kennysheep_nub, minivault_25, minmay_pentomino_pile
D:4:      layout_basic, chequers_serial_rivers_micro_a, uniq_eustachio,
          uniq_natasha, uniq_pikel
D:5:      layout_rooms, grunt_temple_overflow_diamond, serial_shops, shop,
          uniq_edmund, uniq_ijyb, uniq_prince_ribbit1, uniq_menkaure

Skill      XL: |  1  2  3  4  5  6 |
---------------+-------------------+-----
Dodging        | 2 3 |  3.6
Shields        | 4 |  4.0
Long Blades    | 3 |  3.6
Throwing       | 1 2 |  2.0
Armour         | 4 |  4.0
Stealth        | 1 |  1.5
Fighting       | 4 |  4.0
Evocations     | 1 |  1.2

Action                   |  1- 3 |  4- 6 || total
-------------------------+-------+-------++-------
Melee: Long sword        |    73 |   160 ||   233
Throw: Dart              |       |     4 ||     4
Evoke: Wand              |       |     2 ||     2
  Use: Potion            |     2 |       ||     2
Armor: Scale mail        |    38 |    63 ||   101
Dodge: Dodged            |    44 |    63 ||   107
Block: Buckler           |    27 |    44 ||    71

Table legend: (Time is in decaauts)
 A = Elapsed time spent in this place.
 B = Non-inter-level travel time spent in this place.
 C = Inter-level travel time spent in this place.
 D = Time resting spent in this place.
 E = Time spent auto-exploring this place.
 F = Levels seen in this place.
 G = Mean time per level.
                   A        B        C        D        E       F      G
               +--------+--------+--------+--------+--------+-----+--------+
         Total |   1863 |   1582 |    281 |      0 |      0 |   5 |  372.6 |
       Dungeon |   1863 |   1582 |    281 |      0 |      0 |   5 |  372.6 |
               +--------+--------+--------+--------+--------+-----+--------+

Top non-repeatable levels by time:
     D:3: 881 daAuts
     D:4: 390 daAuts
     D:1: 304 daAuts
     D:2: 286 daAuts
     D:5: 1 daAuts
